 Dungeon Crawl Stone Soup version 0.28-a0-1080-g05a166d0ed (webtiles) character file.

Game seed: 676686618772196544

23 ragingrage the Cudgeller (level 2, 0/17 HPs)
             Began as a Gargoyle Warper on Dec 10, 2021.
             Slain by a ball python (1 damage)
             ... on level 2 of the Dungeon.
             The game lasted 00:00:56 (1745 turns).

ragingrage the Cudgeller (Gargoyle Warper)          Turns: 1745, Time: 00:00:57

Health: 0/17       AC:  5    Str: 14    XL:     2   Next: 95%
Magic:  5/5        EV:  5    Int: 13    God:
Gold:   29         SH:  6    Dex:  9    Spells: 5/5 levels left

rFire   . . .      SeeInvis .   a - +0 mace
rCold   . . .      Faith    .   e - +0 kite shield
rNeg    + . .      Spirit   .   b - +0 leather armour
rPois   ∞          Reflect  .   (no helmet)
rElec   +          Harm     .   (no cloak)
rCorr   .          Rampage  .   (no gloves)
Will    .....                   (no boots)
Stlth   +.........              (no amulet)
HPRegen 0.05/turn               (no ring)
MPRegen 0.09/turn               (no ring)

@: constricted
A: sickness immunity, AC +2, negative energy resistance 1, electricity
resistance, torment resistance 1, petrification resistance
a: no special abilities


You were on level 2 of the Dungeon.
You visited 1 branch of the dungeon, and saw 2 of its levels.

You collected 29 gold pieces.

Inventory:

Hand Weapons
 a - a +0 mace (weapon)
Missiles
 d - a boomerang of dispersal (quivered)
Armour
 b - a +0 leather armour (worn)
 e - a +0 kite shield (worn)
Scrolls
 c - a scroll of blinking
 f - a scroll of immolation {unknown}
 g - 2 scrolls of identify {unknown}
Potions
 i - a potion of might {unknown}
 j - a potion of invisibility {unknown}


   Skills:
 - Level 2.1 Fighting
 * Level 3.3 Maces & Flails
 - Level 0.8 Throwing
 - Level 1.1 Armour
 - Level 1.5 Dodging
 - Level 2.0 Spellcasting
 - Level 2.6 Translocations


You had 5 spell levels left.
You didn't know any spells.
Your spell library contained the following spells:

 Spells                   Type           Power      Damage    Failure   Level
 Blink                    Tloc           16%        N/A       73%         2
 Gell's Gravitas          Tloc           8%         N/A       91%         3
 Lesser Beckoning         Tloc           8%         N/A       91%         3
 Teleport Other           Tloc           8%         N/A       91%         3
 Manifold Assault         Tloc           8%         N/A       100%        5


Dungeon Overview and Level Annotations

Branches:
Dungeon (2/15)

Altars:


Innate Abilities, Weirdness & Mutations

You are immune to sickness and miasma.
Your stone body is resilient. (AC +2)
You are immune to poison.
You resist negative energy. (rN+)
You are resistant to electric shocks. (rElec)
You are resistant to unholy torment.
You are immune to petrification.


Message History

The endoplasm barely misses you.
The endoplasm hits you but does no damage.
There is a stone staircase leading down here.
The endoplasm hits you.
* * * LOW HITPOINT WARNING * * *
You climb downwards.
The ball python hisses angrily. x2
Found a scroll labelled LANYSUFEOH and 12 gold pieces.
There is a stone staircase leading up here.
Unknown command.
You hit the endoplasm.
You kill the endoplasm!
It was a potion of curing.
You feel better.
You barely miss the ball python. The ball python bites you.
The ball python grabs you. The ball python constricts you.
The ball python closely misses you. The ball python constricts you.
Your shield prevents you from hitting the ball python.
The ball python bites you.
* * * LOW HITPOINT WARNING * * *
The ball python constricts you.
The ball python bites you but does no damage.
The ball python bites you.
* * * LOW HITPOINT WARNING * * *
The ball python constricts you.
You closely miss the ball python.
The ball python bites you but does no damage. x2
The ball python constricts you. The ball python bites you.
* * * LOW HITPOINT WARNING * * *
The ball python barely misses you. The ball python constricts you.
You hit the ball python.
You kill the ball python!
You block the ball python's attack. The ball python barely misses you.
You block the ball python's attack. x2
You hit the ball python.
The ball python is severely wounded.
The ball python barely misses you. The ball python grabs you.
The ball python constricts you.
* * * LOW HITPOINT WARNING * * *
The ball python bites you.
You die...

....... .......
.......
.......####
..........#####
...............
#...S........
#@.......
##.......
.?...$. #######


You could see a ball python.

Vanquished Creatures
  4 bats (D:1)
  2 endoplasms
  A giant cockroach (D:1)
  A goblin (D:1)
  A hobgoblin (D:1)
  2 quokkas (D:1)
  4 ball pythons
  A frilled lizard (D:1)
  2 kobolds (D:1)
  2 rats (D:1)
20 creatures vanquished.

Notes
Turn   | Place    | Note
-------+----------+-------------------------------------------
     0 | D:1      | ragingrage the Gargoyle Warper began the quest for the Orb.
     0 | D:1      | Reached XP level 1. HP: 12/12 MP: 3/3
   374 | D:1      | Reached XP level 2. HP: 3/17 MP: 5/5
  1094 | D:1      | Reached skill level 3 in Maces & Flails
  1745 | D:2      | Slain by a ball python

Illustrated notes

Levels and vault maps discovered:
D:1:      psy_arrival_statuary, layout_basic, minmay_hexomino_f4
D:2:      minmay_chambers_of_twos, layout_basic

Skill      XL: |  1  2 |
---------------+-------+-----
Maces & Flails | 3 |  3.3
Fighting       | |  2.1
Throwing       | |  0.8
Armour         | |  1.1
Dodging        | |  1.5
Spellcasting   | |  2.0
Translocations | |  2.6

Action                   || total
-------------------------++-------
Melee: Mace              ||    68
Throw: Boomerang         ||     4
  Use: Potion            ||     1
Armor: Leather armour    ||    33
Dodge: Dodged            ||    46
Block: Kite shield       ||    23

Table legend: (Time is in decaauts)
 A = Elapsed time spent in this place.
 B = Non-inter-level travel time spent in this place.
 C = Inter-level travel time spent in this place.
 D = Time resting spent in this place.
 E = Time spent auto-exploring this place.
 F = Levels seen in this place.
 G = Mean time per level.
                   A        B        C        D        E       F      G
               +--------+--------+--------+--------+--------+-----+--------+
         Total |   1778 |   1778 |      0 |    539 |   1021 |   2 |  889.0 |
       Dungeon |   1778 |   1778 |      0 |    539 |   1021 |   2 |  889.0 |
               +--------+--------+--------+--------+--------+-----+--------+

Top non-repeatable levels by time:
     D:1: 1767 daAuts
     D:2: 10 daAuts
